 Dungeon Crawl Stone Soup version 0.28.0-45-g0d030f2227 (webtiles) character file.

Game seed: 525547295436185501

63 GigaChad the Skirmisher (level 3, -2/34 HPs)
             Began as a Minotaur Fighter on Apr 14, 2022.
             Was a Believer of Jiyva.
             Slain by a gnoll
             ... wielding a +0 spear
              (5 damage)
             ... on level 2 of the Dungeon.
             The game lasted 00:02:55 (1053 turns).

GigaChad the Skirmisher (Minotaur Fighter)          Turns: 1053, Time: 00:02:55

Health: -2/34      AC:  7    Str: 20    XL:     3   Next: 87%
Magic:  2/2        EV:  9    Int:  5    God:    Jiyva [**....]
Gold:   35         SH:  9    Dex: 11    Spells: 2/2 levels left

rFire   . . .      SeeInvis .   a - +0 long sword
rCold   . . .      Faith    .   c - +0 buckler
rNeg    . . .      Spirit   .   b - +0 scale mail
rPois   .          Reflect  +   (helmet restricted)
rElec   .          Harm     .   (no cloak)
rCorr   +          Rampage  .   (no gloves)
Will    .....                   (no boots)
Stlth   ..........              j - amulet of reflection
HPRegen 1.07/turn               (no ring)
MPRegen 0.38/turn               (no ring)

@: no status effects
A: horns 2, retaliatory headbutt
a: Renounce Religion


You were on level 2 of the Dungeon.
You worshipped Jiyva.
Jiyva was pleased with you.
You visited 1 branch of the dungeon, and saw 2 of its levels.

You collected 35 gold pieces.

Inventory:

Hand Weapons
 a - a +0 long sword (weapon)
Missiles
 e - 22 arrows
 f - 12 poisoned darts (quivered)
Armour
 b - a +0 scale mail (worn)
 c - a +0 buckler (worn)
Jewellery
 j - an amulet of reflection (around neck)
Scrolls
 g - a scroll of amnesia {unknown}
Potions
 d - a potion of might
 h - a potion of attraction {unknown}
 i - a potion of ambrosia {unknown}
 k - a potion of brilliance {unknown}


   Skills:
 + Level 4.3 Fighting
 + Level 3.5 Long Blades
 + Level 3.9 Armour
 + Level 0.4 Dodging
 + Level 4.2 Shields


You had 2 spell levels left.
You didn't know any spells.
Your spell library was empty.

Dungeon Overview and Level Annotations

Branches:
Dungeon (2/15)

Altars:
Jiyva

Shops:
D:1 :


Innate Abilities, Weirdness & Mutations

You have a pair of horns on your head.
You reflexively headbutt those who attack you in melee.


Message History

Items here: )) ††.
The gnoll hits you from afar with a +0 spear.
* * * LOW HITPOINT WARNING * * *
You hit the kobold.
The kobold is moderately wounded.
You block the gnoll's attack. You block the kobold's attack.
The gnoll hits you but does no damage.
You closely miss the kobold.
The kobold is moderately wounded.
The kobold hits you but does no damage.
The gnoll hits you from afar with a +0 spear.
* * * LOW HITPOINT WARNING * * *
The kobold closely misses you. You furiously retaliate!
You headbutt the kobold, but do no damage.
The gnoll hits you from afar with a +0 spear.
* * * LOW HITPOINT WARNING * * *
You closely miss the kobold.
The kobold is moderately wounded.
The kobold closely misses you.
You closely miss the kobold.
The kobold is moderately wounded.
You block the gnoll's attack. The kobold hits you but does no damage.
You hit the kobold.
You kill the kobold!
The gnoll hits you from afar with a +0 spear.
* * * LOW HITPOINT WARNING * * *
You block the gnoll's attack. You block the gnoll's attack.
You see here a +0 whip.
You closely miss the gnoll. You block the gnoll's attack.
You slash the gnoll!
The gnoll is heavily wounded.
The gnoll hits you with a +0 spear.
* * * LOW HITPOINT WARNING * * *
You barely miss the gnoll. Your headbutt misses the gnoll.
The gnoll is heavily wounded.
The gnoll hits you with a +0 spear.
* * * LOW HITPOINT WARNING * * *
The gnoll hits you with a +0 spear.
You die...

#. #.#
#.###.#
#...#.##
#....#
#...)#
#....#
#.##.# #.
#g# #. #@#
#####.##.##
#.........#
#.#######.#
#.# #.# #.#
###### #.#
##....##
#.#


You could see a gnoll.

Vanquished Creatures
  2 gnolls (D:2)
  An adder (D:2)
  A dart slug (D:2)
  5 bats
  An endoplasm (D:1)
  2 giant cockroaches
  2 hobgoblins
  9 kobolds
  3 ball pythons
  3 frilled lizards (D:1)
  2 goblins (D:1)
  2 rats (D:1)
33 creatures vanquished.

Vanquished Creatures (others)
  2 endoplasms (D:2)
  A goblin (D:2)
  A hobgoblin (D:2)
  A ball python (D:1)
5 creatures vanquished.

Grand Total: 38 creatures vanquished

Notes
Turn   | Place    | Note
-------+----------+-------------------------------------------
     0 | D:1      | GigaChad the Minotaur Fighter began the quest for the Orb.
     0 | D:1      | Reached XP level 1. HP: 19/19 MP: 0/0
   344 | D:1      | Reached XP level 2. HP: 27/27 MP: 1/1
   370 | D:1      | Found Ebupuphi's Book Shoppe.
   468 | D:1      | Found a faded altar of an unknown god.
   488 | D:1      | Prayed at the altar of an unknown god.
   488 | D:1      | Became a worshipper of Jiyva Jeam the Shapeless
   488 | D:1      | Reached * piety under Jiyva
   958 | D:2      | Reached XP level 3. HP: 33/33 MP: 2/2
  1024 | D:2      | Reached ** piety under Jiyva
  1053 | D:2      | Slain by a gnoll

Illustrated notes

Levels and vault maps discovered:
D:1:      dpeg_arrival_court, layout_rooms, serial_shops,
          nicolae_shop_temple_entry_statues_fountains,
          hellmonk_ecumenical_altar_pennies_from_heaven
D:2:      minmay_evil_eye, layout_loops_ring, kennysheep_generic_room_3,
          uniq_natasha, uniq_robin, uniq_terence, uniq_jessica

Skill      XL: |  1  2  3 |
---------------+----------+-----
Fighting       | 4 |  4.3
Shields        | 4 |  4.2
Long Blades    | 3 |  3.5
Armour         | |  3.9
Dodging        | |  0.4

Action                   || total
-------------------------++-------
Melee: Long sword        ||    63
       Headbutt          ||     6
  Use: Scroll            ||     2
Armor: Scale mail        ||    65
Dodge: Dodged            ||    54
Block: Buckler           ||    34
